| TOP OF THE 1ST |
|
Milwaukee Creams batting - Pitching for New York Yankees : LHP Brian Bohanon
|
|
Pitching: LHP Brian Bohanon
|
|
|
Batting: SHB Ken Caminiti
|
0-0: Called Strike 0-1: Ball 1-1: Ball 2-1: Swinging Strike 2-2: Strikes out swinging
|
|
Batting: LHB John Elway
|
0-0: Called Strike 0-1: Ground out U3 (Groundball, 3, EV 88.1 MPH)
|
|
Batting: RHB Mark Loretta
|
0-0: Ball 1-0: Called Strike 1-1: Called Strike 1-2: Ball 2-2: Reached on error, E3 (Groundball, 34, EV 85.6 MPH)
|
|
Batting: LHB Tom Goodwin
|
0-0: Ball 1-0: Called Strike 1-1: Ball 2-1: Ground out 4-3 (Groundball, 4, EV 101.9 MPH)
|
| Top of the 1st over - 0 runs, 0 hits, 1 error, 1 left on base; Milwaukee 0 - New York 0 |
| BOTTOM OF THE 1ST |
|
New York Yankees batting - Pitching for Milwaukee Creams : RHP Wally Whitehurst
|
|
Pitching: RHP Wally Whitehurst
|
|
|
Batting: RHB Orlando Cabrera
|
0-0: Ball 1-0: Ball 2-0: Called Strike 2-1: Ground out 5-3 (Groundball, 56, EV 90.6 MPH)
|
|
Batting: LHB Bobby Abreu
|
0-0: Called Strike 0-1: Fly out, F7 (Flyball, 78S, EV 92.5 MPH)
|
|
Batting: RHB Mike Lieberthal
|
0-0: Fly out, F9 (Flyball, 9S, EV 95.0 MPH)
|
| Bottom of the 1st over - 0 runs, 0 hits, 0 errors, 0 left on base; Milwaukee 0 - New York 0 |
| TOP OF THE 2ND |
|
Milwaukee Creams batting - Pitching for New York Yankees : LHP Brian Bohanon
|
|
Batting: SHB Gerald Young
|
0-0: Ball 1-0: Ball 2-0: SINGLE (Groundball, 25, EV 70.0 MPH) (infield hit)
|
|
Batting: SHB Chipper Jones
|
0-0: Ball 1-0: Ball 2-0: Fly out, F7 (Flyball, 7S, EV 83.1 MPH)
|
|
Batting: LHB Carlos Delgado
|
0-0: Called Strike 0-1: Ball 1-1: Ball 2-1: Called Strike 2-2: Strikes out looking
|
|
Batting: RHB Rey Sanchez
|
0-0: Ball 1-0: Called Strike 1-1: Ball 2-1: Foul Ball, location: 2F 2-2: Foul Ball, location: 2F 2-2: Foul Ball, location: 2F 2-2: SINGLE (Groundball, 6MD, EV 96.9 MPH) Gerald Young to second Runner from 2nd tries for 3rd, SAFE, no throw by CF
|
|
Batting: SHB Jorge Posada
|
0-0: Called Strike 0-1: Ball 1-1: Swinging Strike 1-2: Strikes out swinging
|
| Top of the 2nd over - 0 runs, 2 hits, 0 errors, 2 left on base; Milwaukee 0 - New York 0 |
| BOTTOM OF THE 2ND |
|
New York Yankees batting - Pitching for Milwaukee Creams : RHP Wally Whitehurst
|
|
Batting: RHB Kazuhiro Kiyohara
|
0-0: Swinging Strike 0-1: Ball 1-1: Called Strike 1-2: Ball 2-2: Ball 3-2: Fly out, F9 (Flyball, 89XD, EV 96.9 MPH)
|
|
Batting: RHB Travis Fryman
|
0-0: Ball 1-0: Swinging Strike 1-1: Ball 2-1: Ball 3-1: Called Strike 3-2: SINGLE (Groundball, 6MD, EV 106.3 MPH)
|
|
Batting: RHB Ryan Thompson
|
0-0: Fly out, F9 (Flyball, 9S, EV 90.0 MPH)
|
|
Batting: RHB Mike Gallego
|
0-0: Ball 1-0: Fly out, F8 (Flyball, 89D, EV 100.0 MPH)
|
| Bottom of the 2nd over - 0 runs, 1 hit, 0 errors, 1 left on base; Milwaukee 0 - New York 0 |
| TOP OF THE 3RD |
|
Milwaukee Creams batting - Pitching for New York Yankees : LHP Brian Bohanon
|
|
Batting: SHB Ken Caminiti
|
0-0: Foul Ball, location: 2F 0-1: Foul Ball, location: 2F 0-2: Fly out, F4 (Popup, 3D, EV 55.6 MPH)
|
|
Batting: LHB John Elway
|
0-0: Ball 1-0: Ball 2-0: Swinging Strike 2-1: Ball 3-1: Foul Ball, location: 2F 3-2: SOLO HOME RUN (Flyball, 9D, EV 106.9 MPH), Distance : 388 ft
|
|
Batting: RHB Mark Loretta
|
0-0: Swinging Strike 0-1: Ball 1-1: Swinging Strike 1-2: Strikes out looking
|
|
Batting: LHB Tom Goodwin
|
0-0: Called Strike 0-1: Bunted foul 0-2: SINGLE (Line Drive, 34, EV 100.0 MPH)
|
|
Batting: SHB Gerald Young
|
0-0: Called Strike 0-1: Ball 1-1: Called Strike 1-2: SINGLE (Groundball, 4MD, EV 96.9 MPH) Tom Goodwin to second Runner from 2nd tries for 3rd, OUT! 8-5
|
| Top of the 3rd over - 1 run, 3 hits, 0 errors, 1 left on base; Milwaukee 1 - New York 0 |
| BOTTOM OF THE 3RD |
|
New York Yankees batting - Pitching for Milwaukee Creams : RHP Wally Whitehurst
|
|
Batting: SHB Quinton McCracken
|
0-0: Swinging Strike 0-1: Ball 1-1: Ball 2-1: Foul Ball, location: 2F 2-2: Ball 3-2: Strikes out swinging
|
|
Batting: RHB Darren Lewis
|
0-0: Called Strike 0-1: Called Strike 0-2: Fly out, F8 (Flyball, 78M, EV 69.4 MPH)
|
|
Batting: RHB Orlando Cabrera
|
0-0: Ground out 4-3 (Groundball, 34, EV 106.3 MPH)
|
| Bottom of the 3rd over - 0 runs, 0 hits, 0 errors, 0 left on base; Milwaukee 1 - New York 0 |
| TOP OF THE 4TH |
|
Milwaukee Creams batting - Pitching for New York Yankees : LHP Brian Bohanon
|
|
Batting: SHB Chipper Jones
|
0-0: Ball 1-0: Foul Ball, location: 2F 1-1: Called Strike 1-2: Strikes out swinging
|
|
Batting: LHB Carlos Delgado
|
0-0: SINGLE (Flyball, 9LS, EV 93.8 MPH)
|
|
Batting: RHB Rey Sanchez
|
0-0: Called Strike 0-1: Grounds into double play, 6-4-3 (Groundball, 6S, EV 91.3 MPH)
|
| Top of the 4th over - 0 runs, 1 hit, 0 errors, 0 left on base; Milwaukee 1 - New York 0 |
| BOTTOM OF THE 4TH |
|
New York Yankees batting - Pitching for Milwaukee Creams : RHP Wally Whitehurst
|
|
Batting: LHB Bobby Abreu
|
0-0: Ball 1-0: Foul Ball, location: 2F 1-1: Swinging Strike 1-2: Ball 2-2: Ball 3-2: Foul Ball, location: 2F 3-2: Fly out, F7 (Flyball, 78M, EV 90.6 MPH)
|
|
Batting: RHB Mike Lieberthal
|
0-0: Called Strike 0-1: Swinging Strike 0-2: Fly out, F4 (Popup, 4S, EV 72.5 MPH)
|
|
Batting: RHB Kazuhiro Kiyohara
|
0-0: SOLO HOME RUN (Flyball, 9D, EV 91.3 MPH), Distance : 386 ft
|
|
Batting: RHB Travis Fryman
|
0-0: Called Strike 0-1: Ball 1-1: Fly out, F7 (Flyball, 7LS, EV 90.6 MPH)
|
| Bottom of the 4th over - 1 run, 1 hit, 0 errors, 0 left on base; Milwaukee 1 - New York 1 |
| TOP OF THE 5TH |
|
Milwaukee Creams batting - Pitching for New York Yankees : LHP Brian Bohanon
|
|
Batting: SHB Jorge Posada
|
0-0: Called Strike 0-1: Foul Ball, location: 2F 0-2: Strikes out swinging
|
|
Batting: SHB Ken Caminiti
|
0-0: Ball 1-0: Foul Ball, location: 2F 1-1: Ball 2-1: Ball 3-1: Foul Ball, location: 2F 3-2: Base on Balls
|
|
Batting: LHB John Elway
|
0-0: Called Strike 0-1: Ball 1-1: Ball 2-1: Foul Ball, location: 2F 2-2: Fielders Choice at 2nd, 6-4 (Groundball, 6, EV 93.8 MPH)
|
|
Batting: RHB Mark Loretta
|
0-0: Called Strike 0-1: Ball 1-1: Called Strike 1-2: Strikes out swinging
|
| Top of the 5th over - 0 runs, 0 hits, 0 errors, 1 left on base; Milwaukee 1 - New York 1 |
| BOTTOM OF THE 5TH |
|
New York Yankees batting - Pitching for Milwaukee Creams : RHP Wally Whitehurst
|
|
Batting: RHB Ryan Thompson
|
0-0: Ball 1-0: Ball 2-0: Ball 3-0: Called Strike 3-1: DOUBLE (Line Drive, 7LD, EV 106.9 MPH)
|
|
Batting: RHB Mike Gallego
|
0-0: Bunt missed! 0-1: Bunt missed! 0-2: Ground out 6-3 (Groundball, 6, EV 86.3 MPH) Ryan Thompson to third
|
|
Batting: SHB Quinton McCracken
|
0-0: Bunted foul 0-1: Bunted foul 0-2: Strikes out swinging
|
|
Batting: RHB Darren Lewis
|
0-0: Called Strike 0-1: Fly out, F7 (Flyball, 7S, EV 85.6 MPH)
|
| Bottom of the 5th over - 0 runs, 1 hit, 0 errors, 1 left on base; Milwaukee 1 - New York 1 |
| TOP OF THE 6TH |
|
Milwaukee Creams batting - Pitching for New York Yankees : LHP Brian Bohanon
|
|
Batting: LHB Tom Goodwin
|
0-0: Ground out U3 (Groundball, 3, EV 77.5 MPH)
|
|
Batting: SHB Gerald Young
|
0-0: Foul Ball, location: 2F 0-1: Ball 1-1: Ball 2-1: Ball 3-1: Called Strike 3-2: Base on Balls
|
|
Batting: SHB Chipper Jones
|
0-0: Called Strike 0-1: Ball Gerald Young steals 2nd base 1-1: Called Strike 1-2: Reached on error, E7 (Flyball, 7S, EV 83.8 MPH) Gerald Young to third
|
|
Pitching: LHP Doug Simons
|
|
|
Batting: LHB Carlos Delgado
|
0-0: Ball 1-0: Ball 2-0: Swinging Strike 2-1: Foul Ball, location: 2F 2-2: Ground out 3-1 (Groundball, 34S, EV 83.1 MPH) Gerald Young scores Chipper Jones to second
|
|
Batting: RHB Rey Sanchez
|
0-0: Ground out 6-3 (Groundball, 6M, EV 90.0 MPH)
|
| Top of the 6th over - 1 run, 0 hits, 1 error, 1 left on base; Milwaukee 2 - New York 1 |
| BOTTOM OF THE 6TH |
|
New York Yankees batting - Pitching for Milwaukee Creams : RHP Wally Whitehurst
|
|
Batting: RHB Orlando Cabrera
|
0-0: Ball 1-0: Ground out 6-3 (Groundball, 6, EV 82.5 MPH)
|
|
Batting: LHB Bobby Abreu
|
0-0: Foul Ball, location: 2F 0-1: Foul Ball, location: 2F 0-2: Ball 1-2: Foul Ball, location: 2F 1-2: Ball 2-2: Fly out, F5 (Popup, 6S, EV 86.9 MPH)
|
|
Batting: RHB Mike Lieberthal
|
0-0: Ball 1-0: Ground out U3 (Groundball, 3, EV 81.9 MPH)
|
| Bottom of the 6th over - 0 runs, 0 hits, 0 errors, 0 left on base; Milwaukee 2 - New York 1 |
| TOP OF THE 7TH |
|
Milwaukee Creams batting - Pitching for New York Yankees : LHP Doug Simons
|
|
Batting: SHB Jorge Posada
|
0-0: Ball 1-0: Ball 2-0: Foul Ball, location: 2F 2-1: Called Strike 2-2: Foul Ball, location: 2F 2-2: Ball 3-2: Base on Balls
|
|
Batting: SHB Ken Caminiti
|
0-0: Called Strike 0-1: Fly out, F8 (Flyball, 78S, EV 91.3 MPH)
|
|
Batting: LHB John Elway
|
0-0: Swinging Strike 0-1: Ball 1-1: Foul Ball, location: 2F 1-2: Reached on error, E4 (Groundball, 4, EV 106.9 MPH) Jorge Posada to second
|
|
Pitching: LHP Bryan Eversgerd
|
|
|
Batting: RHB Mark Loretta
|
0-0: Ball 1-0: Grounds into double play, 4-6-3 (Groundball, 4, EV 84.4 MPH)
|
| Top of the 7th over - 0 runs, 0 hits, 1 error, 1 left on base; Milwaukee 2 - New York 1 |
| BOTTOM OF THE 7TH |
|
New York Yankees batting - Pitching for Milwaukee Creams : RHP Wally Whitehurst
|
|
Batting: RHB Kazuhiro Kiyohara
|
0-0: Called Strike 0-1: Ball 1-1: Ball 2-1: Fly out, F9 (Flyball, 89M, EV 88.1 MPH)
|
|
Batting: RHB Travis Fryman
|
0-0: Ball 1-0: Ball 2-0: Ball 3-0: Fly out, F4 (Popup, 34, EV 75.6 MPH)
|
|
Batting: RHB Ryan Thompson
|
0-0: Called Strike 0-1: Ball 1-1: Fly out, F3 (Line Drive, 3, EV 68.8 MPH)
|
| Bottom of the 7th over - 0 runs, 0 hits, 0 errors, 0 left on base; Milwaukee 2 - New York 1 |
| TOP OF THE 8TH |
|
Milwaukee Creams batting - Pitching for New York Yankees : LHP Bryan Eversgerd
|
|
Batting: LHB Tom Goodwin
|
0-0: Called Strike 0-1: Swinging Strike 0-2: SINGLE (Groundball, 56D, EV 104.4 MPH)
|
|
Batting: SHB Gerald Young
|
0-0: Ball 1-0: Foul Ball, location: 2F 1-1: Fly out, F8 (Flyball, 89D, EV 100.0 MPH) Runner from 1st tags up, SAFE at 2nd
|
|
Batting: SHB Chipper Jones
|
0-0: Ball 1-0: Fly out, F9 (Line Drive, 9, EV 104.4 MPH)
|
|
Batting: LHB Carlos Delgado
|
0-0: Ball 1-0: Swinging Strike 1-1: Foul Ball, location: 2F 1-2: Ball 2-2: Strikes out swinging
|
| Top of the 8th over - 0 runs, 1 hit, 0 errors, 1 left on base; Milwaukee 2 - New York 1 |
| BOTTOM OF THE 8TH |
|
New York Yankees batting - Pitching for Milwaukee Creams : RHP Wally Whitehurst
|
|
Batting: RHB Mike Gallego
|
0-0: Ball 1-0: SINGLE (Line Drive, 5D, EV 95.0 MPH)
|
|
Batting: SHB Quinton McCracken
|
0-0: Ball 1-0: Bunt missed! 1-1: Ball 2-1: Bunted foul 2-2: Foul Ball, location: 2F 2-2: Reached on error, E4 (Groundball, 4M, EV 103.8 MPH) Mike Gallego to second
|
|
Pitching: LHP Jeff Calhoun
|
|
|
Batting: RHB Darren Lewis
|
0-0: Ball 1-0: Ball 2-0: Bunt missed! 2-1: Bunted foul 2-2: Foul Ball, location: 2F 2-2: Ball 3-2: Fly out, F6 (Popup, 6, EV 39.4 MPH)
|
|
Batting: RHB Orlando Cabrera
|
0-0: Bunt missed! 0-1: Bunt missed! 0-2: Ball 1-2: Strikes out swinging
|
|
Batting: LHB Bobby Abreu
|
0-0: Called Strike 0-1: Ball 1-1: Ball 2-1: Foul Ball, location: 2F 2-2: Fly out, F7 (Flyball, 7LM, EV 102.5 MPH)
|
| Bottom of the 8th over - 0 runs, 1 hit, 1 error, 2 left on base; Milwaukee 2 - New York 1 |
| TOP OF THE 9TH |
|
Milwaukee Creams batting - Pitching for New York Yankees : LHP Bryan Eversgerd
|
|
Batting: RHB Rey Sanchez
|
0-0: Foul Ball, location: 2F 0-1: Swinging Strike 0-2: Ball 1-2: Ball 2-2: Ball 3-2: Base on Balls
|
|
Batting: SHB Jorge Posada
|
0-0: Ball 1-0: Called Strike 1-1: Called Strike 1-2: Fly out, F9 (Flyball, 9D, EV 96.3 MPH)
|
|
Pitching: RHP Mike Henneman
|
|
|
Batting: SHB Ken Caminiti
|
0-0: Called Strike 0-1: Fly out, F9 (Flyball, 9LMF, EV 92.5 MPH)
|
|
Batting: LHB John Elway
|
0-0: Ground out 4-3 (Groundball, 34, EV 83.1 MPH)
|
| Top of the 9th over - 0 runs, 0 hits, 0 errors, 1 left on base; Milwaukee 2 - New York 1 |
| BOTTOM OF THE 9TH |
|
New York Yankees batting - Pitching for Milwaukee Creams : LHP Jeff Calhoun
|
|
Batting: RHB Mike Lieberthal
|
0-0: Called Strike 0-1: Ball 1-1: Ball 2-1: Called Strike 2-2: Strikes out looking
|
|
Batting: RHB Kazuhiro Kiyohara
|
0-0: Ball 1-0: Swinging Strike 1-1: Ball 2-1: Foul Ball, location: 2F 2-2: Strikes out looking
|
|
Batting: RHB Travis Fryman
|
0-0: SINGLE (Flyball, 9LS, EV 99.4 MPH)
|
|
Batting: RHB Ryan Thompson
|
0-0: Ball 1-0: Called Strike 1-1: Ball 2-1: Foul Ball, location: 2F 2-2: Strikes out swinging
|
| Bottom of the 9th over - 0 runs, 1 hit, 0 errors, 1 left on base; Milwaukee 2 - New York 1 |
|